SNL (28 & UNDER)
MONTGOMERY BISCUITS @ WICHITA WRANGLERS
08/04/2023
 
TOP OF THE 1ST
Montgomery Biscuits batting - Pitching for Wichita Wranglers : LHP Jesús Martínez
Pitching: LHP Jesús Martínez
Batting: RHB Gabriel Miranda 0-0: Ball
1-0: Ball
2-0: Ball
3-0: Called Strike
3-1: Foul Ball, location: 2F
3-2: Fly out, F7 (Flyball, 7LD)
Batting: LHB John Haney 0-0: Ball
1-0: Foul Ball, location: 2F
1-1: Ball
2-1: Foul Ball, location: 2F
2-2: Ball
3-2: Strikes out looking
Batting: SHB Andrew Curran 0-0: Fly out, F2 (Popup, 2RF)
Top of the 1st over - 0 run(s), 0 hit(s), 0 error(s), 0 left on base; Montgomery 0 - Wichita 0
BOTTOM OF THE 1ST
Wichita Wranglers batting - Pitching for Montgomery Biscuits : RHP César Morín
Pitching: RHP César Morín
Batting: SHB Martín Medina 0-0: Ball
1-0: Called Strike
1-1: Fly out, F7 (Popup, 56D)
Batting: RHB António Gonzáles 0-0: Ball
1-0: Foul Ball, location: 2F
1-1: SINGLE (Groundball, 6)
Batting: RHB Cho-yun Qiao 0-0: Ball
Wild Pitch!
António Gonzáles to second
1-0: Ball
2-0: Called Strike
2-1: Ball
3-1: Base on Balls
Batting: LHB Mario Cornelo 0-0: Swinging Strike
0-1: Ball
1-1: Foul Ball, location: 2F
1-2: Strikes out swinging
Batting: RHB Andrés Lara 0-0: Ball
1-0: Ball
2-0: Ball
3-0: Called Strike
3-1: Base on Balls
António Gonzáles to third
Cho-yun Qiao to second
Batting: RHB Don Thomas 0-0: Fielders Choice at 2nd, U6 (Groundball, 6M)
Bottom of the 1st over - 0 run(s), 1 hit(s), 0 error(s), 3 left on base; Montgomery 0 - Wichita 0
TOP OF THE 2ND
Montgomery Biscuits batting - Pitching for Wichita Wranglers : LHP Jesús Martínez
Batting: RHB Jean-Paul St-Pierre 0-0: Ball
1-0: Called Strike
1-1: Swinging Strike
1-2: Strikes out swinging
Batting: RHB Dave Dawson 0-0: Ball
1-0: Ball
2-0: Ball
3-0: Called Strike
3-1: Base on Balls
Batting: RHB Vicente Carona 0-0: Ball
1-0: Swinging Strike
1-1: Ball
2-1: Ground out 6-3 (Groundball, 6S)
Dave Dawson to second
Batting: RHB Collin Smith 0-0: Called Strike
Balk!
Dave Dawson to third
0-1: Ball
1-1: Swinging Strike
1-2: Strikes out looking
Top of the 2nd over - 0 run(s), 0 hit(s), 0 error(s), 1 left on base; Montgomery 0 - Wichita 0
BOTTOM OF THE 2ND
Wichita Wranglers batting - Pitching for Montgomery Biscuits : RHP César Morín
Batting: RHB Felipe Rivas 0-0: Foul Ball, location: 2F
0-1: Ball
1-1: Ball
2-1: SINGLE (Groundball, 6MD)
Batting: RHB Luis Sánchez 0-0: Called Strike
0-1: Called Strike
0-2: Ball
1-2: Strikes out swinging
Batting: RHB Dave Henderson 0-0: Ball
1-0: Ball
2-0: Called Strike
2-1: Called Strike
2-2: Strikes out swinging
Batting: SHB Martín Medina 0-0: Swinging Strike
0-1: Fielders Choice at 2nd, U6 (Groundball, 6M)
Bottom of the 2nd over - 0 run(s), 1 hit(s), 0 error(s), 1 left on base; Montgomery 0 - Wichita 0
TOP OF THE 3RD
Montgomery Biscuits batting - Pitching for Wichita Wranglers : LHP Jesús Martínez
Batting: RHB Larry Mitchell 0-0: Called Strike
0-1: Ball
1-1: Ball
2-1: Foul Ball, location: 2F
2-2: DOUBLE (Groundball, 5L)
Batting: RHB Pete Smith 0-0: Foul Ball, location: 2F
0-1: Ball
1-1: Ball
2-1: Foul Ball, location: 2F
2-2: Strikes out swinging
Batting: RHB Gabriel Miranda 0-0: Ball
1-0: Called Strike
1-1: SINGLE (Line Drive, 8RS)
Larry Mitchell to third
Batting: LHB John Haney 0-0: Called Strike
0-1: Called Strike
0-2: Ball
1-2: Ball
2-2: Foul Ball, location: 2F
2-2: Foul Ball, location: 2F
2-2: Foul Ball, location: 2F
2-2: Ball
3-2: DOUBLE (Line Drive, 8LM)
Larry Mitchell scores
Gabriel Miranda to third
Batting: SHB Andrew Curran 0-0: Ball
1-0: Ball
2-0: Ground out 6-3 (Groundball, 6)
Gabriel Miranda scores
John Haney to third
Batting: RHB Jean-Paul St-Pierre 0-0: Ball
1-0: Ball
2-0: Ball
3-0: Base on Balls
Batting: RHB Dave Dawson 0-0: Ball
1-0: 3-RUN HOME RUN (Flyball, 7LD), Distance : 348 ft
Batting: RHB Vicente Carona 0-0: Ball
1-0: Called Strike
1-1: Ball
2-1: Swinging Strike
2-2: DOUBLE (Flyball, 78M)
Batting: RHB Collin Smith 0-0: SINGLE (Line Drive, 7LS)
Vicente Carona to third
Batting: RHB Larry Mitchell 0-0: Called Strike
0-1: SINGLE (Line Drive, 34)
Vicente Carona scores
Collin Smith to second
Batting: RHB Pete Smith 0-0: Called Strike
0-1: Fly out, F8 (Flyball, 8RM)
Top of the 3rd over - 6 run(s), 7 hit(s), 0 error(s), 2 left on base; Montgomery 6 - Wichita 0
BOTTOM OF THE 3RD
Wichita Wranglers batting - Pitching for Montgomery Biscuits : RHP César Morín
Batting: RHB António Gonzáles 0-0: Ball
1-0: Fly out, F6 (Popup, 6S)
Batting: RHB Cho-yun Qiao 0-0: Fly out, F7 (Line Drive, 7S)
Batting: LHB Mario Cornelo 0-0: Called Strike
0-1: Ball
1-1: Foul Ball, location: 2F
1-2: Ball
2-2: Ball
3-2: Base on Balls
Batting: RHB Andrés Lara 0-0: Called Strike
Mario Cornelo steals 2nd base
0-1: Ball
1-1: Called Strike
1-2: Strikes out swinging
Bottom of the 3rd over - 0 run(s), 0 hit(s), 0 error(s), 1 left on base; Montgomery 6 - Wichita 0
TOP OF THE 4TH
Montgomery Biscuits batting - Pitching for Wichita Wranglers : LHP Jesús Martínez
Batting: RHB Gabriel Miranda 0-0: Called Strike
0-1: Ground out 1-3 (Groundball, 13)
Batting: LHB John Haney 0-0: Ball
1-0: Swinging Strike
1-1: Foul Ball, location: 2F
1-2: Ball
2-2: Fly out, F5 (Popup, 5DF)
Batting: SHB Andrew Curran 0-0: Reached on error, E6 (Groundball, 6)
Batting: RHB Jean-Paul St-Pierre 0-0: SINGLE (Line Drive, 34)
Andrew Curran to second
Batting: RHB Dave Dawson 0-0: Foul Ball, location: 2F
0-1: Foul Ball, location: 2F
0-2: Foul Ball, location: 2F
0-2: Ball
1-2: Ball
2-2: Foul Ball, location: 2F
2-2: Ground out 6-3 (Groundball, 6D)
Top of the 4th over - 0 run(s), 1 hit(s), 1 error(s), 2 left on base; Montgomery 6 - Wichita 0
BOTTOM OF THE 4TH
Wichita Wranglers batting - Pitching for Montgomery Biscuits : RHP César Morín
Batting: RHB Don Thomas 0-0: Ball
1-0: Swinging Strike
1-1: Called Strike
1-2: SINGLE (Line Drive, 4D)
Batting: RHB Felipe Rivas 0-0: Ball
1-0: Called Strike
1-1: Called Strike
1-2: Strikes out swinging
Batting: RHB Luis Sánchez 0-0: Called Strike
0-1: Ball
1-1: Swinging Strike
1-2: Strikes out swinging
Batting: RHB Dave Henderson 0-0: Called Strike
0-1: Foul Ball, location: 2F
0-2: Ball
1-2: Fly out, F8 (Flyball, 89M)
Bottom of the 4th over - 0 run(s), 1 hit(s), 0 error(s), 1 left on base; Montgomery 6 - Wichita 0
TOP OF THE 5TH
Montgomery Biscuits batting - Pitching for Wichita Wranglers : LHP Jesús Martínez
Pitching: RHP Doug Adams
Batting: RHB Vicente Carona 0-0: Ball
1-0: Foul Ball, location: 2F
1-1: Fly out, F8 (Flyball, 8LM)
Batting: RHB Collin Smith 0-0: Swinging Strike
0-1: SINGLE (Line Drive, 8RS)
Batting: RHB Larry Mitchell 0-0: Called Strike
0-1: SINGLE (Line Drive, 6D)
Collin Smith to second
Batting: RHB Pete Smith 0-0: Called Strike
0-1: Ball
1-1: Ball
2-1: Ball
3-1: Base on Balls
Collin Smith to third
Larry Mitchell to second
Batting: RHB Gabriel Miranda 0-0: Ball
1-0: Fly out, F9 (Popup, 34D)
Batting: LHB John Haney 0-0: Ball
1-0: Swinging Strike
1-1: Ball
2-1: Foul Ball, location: 2F
2-2: Foul Ball, location: 2F
2-2: Fly out, F6 (Line Drive, 6M)
Top of the 5th over - 0 run(s), 2 hit(s), 0 error(s), 3 left on base; Montgomery 6 - Wichita 0
BOTTOM OF THE 5TH
Wichita Wranglers batting - Pitching for Montgomery Biscuits : RHP César Morín
Batting: SHB Martín Medina 0-0: Ball
1-0: Fly out, F7 (Flyball, 78S)
Batting: RHB António Gonzáles 0-0: Ball
1-0: Ball
2-0: SINGLE (Line Drive, 7S)
Batting: RHB Cho-yun Qiao 0-0: Ball
1-0: Called Strike
1-1: Grounds into double play, 6-4-3 (Groundball, 6)
Bottom of the 5th over - 0 run(s), 1 hit(s), 0 error(s), 0 left on base; Montgomery 6 - Wichita 0
TOP OF THE 6TH
Montgomery Biscuits batting - Pitching for Wichita Wranglers : RHP Doug Adams
Batting: SHB Andrew Curran 0-0: Ball
1-0: SINGLE (Groundball, 56D)
Batting: RHB Jean-Paul St-Pierre 0-0: Called Strike
Andrew Curran steals 2nd base
0-1: Ball
1-1: Ball
2-1: Ball
3-1: Foul Ball, location: 2F
3-2: Base on Balls
Batting: RHB Dave Dawson 0-0: Ball
1-0: Ball
2-0: Swinging Strike
2-1: Ball
3-1: Called Strike
3-2: Base on Balls
Andrew Curran to third
Jean-Paul St-Pierre to second
Batting: RHB Vicente Carona 0-0: Ball
1-0: Ball
2-0: Called Strike
2-1: Ball
Wild Pitch!
Andrew Curran scores
Jean-Paul St-Pierre to third
Dave Dawson to second
3-1: Base on Balls
Pitching: RHP Dave Grant
Batting: RHB Collin Smith 0-0: Ball
1-0: Ball
2-0: Called Strike
2-1: Foul Ball, location: 2F
2-2: Ball
3-2: Strikes out looking
Batting: RHB Larry Mitchell 0-0: Ball
1-0: Called Strike
1-1: Foul Ball, location: 2F
1-2: Ball
2-2: Strikes out swinging
Batting: RHB Pete Smith 0-0: Foul Ball, location: 2F
0-1: Foul Ball, location: 2F
0-2: Ball
1-2: SINGLE (Line Drive, 8RS)
Jean-Paul St-Pierre scores
Dave Dawson to third
Vicente Carona to second
Runner from 3rd tries for Home, SAFE, no throw or cutoff
Batting: RHB Gabriel Miranda 0-0: Ball
1-0: Ball
2-0: SINGLE (Groundball, 6MD)
Vicente Carona to third
Pete Smith to second
Runner from 3rd tries for Home, SAFE, no throw or cutoff
Batting: LHB John Haney 0-0: Ball
1-0: Foul Ball, location: 2F
1-1: Ball
2-1: Swinging Strike
2-2: Foul Ball, location: 2F
2-2: Ground out 4-3 (Groundball, 4)
Top of the 6th over - 4 run(s), 3 hit(s), 0 error(s), 2 left on base; Montgomery 10 - Wichita 0
BOTTOM OF THE 6TH
Wichita Wranglers batting - Pitching for Montgomery Biscuits : RHP César Morín
Batting: LHB Mario Cornelo 0-0: SINGLE (Line Drive, 4M)
Batting: RHB Andrés Lara 0-0: Called Strike
0-1: Swinging Strike
0-2: Ball
1-2: Ground out 5-3 (Groundball, 56S)
Mario Cornelo to second
Batting: RHB Don Thomas 0-0: Ball
1-0: SINGLE (Line Drive, 6M)
Mario Cornelo to third
Batting: RHB Felipe Rivas 0-0: Ball
1-0: Grounds into double play, 5-4-3 (Groundball, 5L)
Bottom of the 6th over - 0 run(s), 2 hit(s), 0 error(s), 1 left on base; Montgomery 10 - Wichita 0
TOP OF THE 7TH
Montgomery Biscuits batting - Pitching for Wichita Wranglers : RHP Dave Grant
Batting: SHB Andrew Curran 0-0: Ball
1-0: Foul Ball, location: 2F
1-1: Swinging Strike
1-2: Ball
2-2: Strikes out swinging
Batting: RHB Jean-Paul St-Pierre 0-0: Called Strike
0-1: Ball
1-1: Ball
2-1: Ground out 4-3 (Groundball, 4)
Batting: RHB Dave Dawson 0-0: Swinging Strike
0-1: Ball
1-1: Foul Ball, location: 2F
1-2: Fly out, F9 (Flyball, 89S)
Top of the 7th over - 0 run(s), 0 hit(s), 0 error(s), 0 left on base; Montgomery 10 - Wichita 0
BOTTOM OF THE 7TH
Wichita Wranglers batting - Pitching for Montgomery Biscuits : RHP César Morín
Batting: RHB Luis Sánchez 0-0: Ball
1-0: Ground out 5-3 (Groundball, 56S)
Batting: RHB Dave Henderson 0-0: Foul Ball, location: 2F
0-1: Ground out 5-3 (Groundball, 56)
Batting: SHB Martín Medina 0-0: Ball
1-0: Called Strike
1-1: Ball
2-1: Called Strike
2-2: Ball
3-2: Base on Balls
Batting: RHB António Gonzáles 0-0: Called Strike
0-1: Ball
1-1: Foul Ball, location: 2F
1-2: Foul Ball, location: 2F
1-2: Ground out 4-3 (Groundball, 4)
Bottom of the 7th over - 0 run(s), 0 hit(s), 0 error(s), 1 left on base; Montgomery 10 - Wichita 0
TOP OF THE 8TH
Montgomery Biscuits batting - Pitching for Wichita Wranglers : RHP Dave Grant
Pitching: RHP Craig Adams
Batting: RHB Vicente Carona 0-0: Ball
1-0: Called Strike
1-1: Foul Ball, location: 2F
1-2: Ball
2-2: Ground out 1-3 (Groundball, 23)
Batting: RHB Collin Smith 0-0: Called Strike
0-1: Ground out 6-3 (Groundball, 6)
Batting: RHB Larry Mitchell 0-0: Foul Ball, location: 2F
0-1: Called Strike
0-2: Strikes out looking
Top of the 8th over - 0 run(s), 0 hit(s), 0 error(s), 0 left on base; Montgomery 10 - Wichita 0
BOTTOM OF THE 8TH
Wichita Wranglers batting - Pitching for Montgomery Biscuits : RHP César Morín
Pitching: RHP Pedro Valdés
Now at SS: Dave Williams
Batting: RHB Cho-yun Qiao 0-0: Called Strike
0-1: Ball
1-1: Foul Ball, location: 2F
1-2: Ball
2-2: Strikes out swinging
Batting: LHB Mario Cornelo 0-0: Ball
1-0: Ground out 6-3 (Groundball, 6M)
Batting: RHB Andrés Lara 0-0: Ball
1-0: Ball
2-0: Ball
3-0: Base on Balls
Batting: RHB Don Thomas 0-0: Fly out, F5 (Popup, 56S)
Bottom of the 8th over - 0 run(s), 0 hit(s), 0 error(s), 1 left on base; Montgomery 10 - Wichita 0
TOP OF THE 9TH
Montgomery Biscuits batting - Pitching for Wichita Wranglers : RHP Craig Adams
Batting: RHB Pete Smith 0-0: Ball
1-0: Foul Ball, location: 2F
1-1: Foul Ball, location: 2F
1-2: Strikes out swinging
Batting: RHB Gabriel Miranda 0-0: Called Strike
0-1: Called Strike
0-2: Ground out 5-3 (Groundball, 5L)
Batting: LHB John Haney 0-0: Called Strike
0-1: Swinging Strike
0-2: Strikes out swinging
Top of the 9th over - 0 run(s), 0 hit(s), 0 error(s), 0 left on base; Montgomery 10 - Wichita 0
BOTTOM OF THE 9TH
Wichita Wranglers batting - Pitching for Montgomery Biscuits : RHP Pedro Valdés
Batting: RHB Felipe Rivas 0-0: Foul Ball, location: 2F
0-1: Ball
1-1: Ball
2-1: Foul Ball, location: 2F
2-2: Ball
3-2: Base on Balls
Batting: RHB Luis Sánchez 0-0: Ball
1-0: Ball
2-0: Grounds into double play, 5-4-3 (Groundball, 56)
Pinch Hitting: RHB Bob Hall 0-0: Ball
1-0: Bunt missed!
1-1: Ball
2-1: Foul Ball, location: 2F
2-2: Ball
3-2: Base on Balls
Pinch Hitting: RHB Anthony Rucker 0-0: Ball
1-0: Foul Ball, location: 2F
1-1: Ball
2-1: Foul Ball, location: 2F
2-2: Strikes out looking
Bottom of the 9th over - 0 run(s), 0 hit(s), 0 error(s), 1 left on base; Montgomery 10 - Wichita 0
This league is powered by Out of the Park Baseball, the baseball management simulation game for PC, Mac and Linux
Wednesday, December 2nd, 2015 - OOTP Baseball 16.8 Build 38